 Dungeon Crawl Stone Soup version 0.23.2-1-ga50397a6bc (webtiles) character file.

Game seed: 9061529169713251193

166 Pray4Patrick the Cudgeler (level 5, -2/72 HPs)
             Began as a Minotaur Berserker on Apr 28, 2019.
             Was a Believer of Trog.
             Killed from afar by an orc wizard (7 damage)
             ... with a puff of flame
             ... on level 3 of the Dungeon.
             The game lasted 00:10:46 (2398 turns).

Pray4Patrick the Cudgeler (Minotaur Berserker)      Turns: 2398, Time: 00:10:46

Health: -2/72      AC:  2    Str: 28    XL:     5   Next: 22%
Magic:  4/4        EV: 13    Int:  4    God:    Trog [**....]
Gold:   107        SH:  0    Dex:  9    Spells: 4/4 levels left

rFire    . . .     SeeInvis .   f - +0 whip (flame)
rCold    . . .     Gourm    .   (no shield)
rNeg     . . .     Faith    .   b - +0 animal skin
rPois    .         Spirit   .   (helmet restricted)
rElec    .         Reflect  .   (no cloak)
rCorr    .         Harm     .   (no gloves)
MR       .....                  (no boots)
Stlth    ..........             (no amulet)
HPRegen  0.22/turn              (no ring)
MPRegen  0.09/turn              (no ring)

@: berserking, very quick
A: retaliatory headbutt, horns 2
a: Berserk, Trog's Hand, Renounce Religion


You were on level 3 of the Dungeon.
You worshipped Trog.
Trog was pleased with you.
You were not hungry.

You visited 1 branch of the dungeon, and saw 3 of its levels.

You collected 107 gold pieces.

Inventory:

Hand Weapons
 a - a +0 mace
 f - a +0 whip of flaming (weapon)
Armour
 b - a +0 animal skin (worn)
 n - a +0 plate armour
Scrolls
 e - 3 scrolls of teleportation {unknown}
 g - a scroll of amnesia {unknown}
 i - 4 scrolls of identify {unknown}
 j - 2 scrolls of random uselessness {unknown}
 k - a scroll of magic mapping {unknown}
Potions
 d - 2 potions of heal wounds {unknown}
 h - a potion of flight {unknown}
 m - a potion of degeneration {unknown}
 o - a potion of curing {unknown}
Comestibles
 c - 7 rations
 l - 3 chunks of flesh


   Skills:
 + Level 5.0 Fighting
 + Level 5.3 Maces & Flails
 + Level 3.0 Armour
 + Level 3.3 Dodging
 + Level 0.2 Stealth


You had 4 spell levels left.
You didn't know any spells.
Your spell library was empty.

Dungeon Overview and Level Annotations

Branches:
Dungeon (3/15)

Altars:
Ru


Innate Abilities, Weirdness & Mutations

You reflexively headbutt those who attack you in melee.
You have a pair of horns on your head.


Message History

The orc wizard flickers and vanishes!
Deactivating autopickup; reactivate with Ctrl-A.
The orc barely misses you.
A red film seems to cover your vision as you go berserk!
You feel yourself moving faster!
You feel mighty!
You feel a lot more hungry. The orc closely misses you.
You whack the orc! You burn the orc.
You kill the orc!
Trog accepts your kill.
You hear some strange, mumbled words.
A magic dart appears from out of thin air!
The magic dart hits you.
* * * LOW HITPOINT WARNING * * *
Things that are here:
a +1 trident of flaming; an orc corpse You feel a strong urge to attack something.
You hear some strange, mumbled words.
A puff of flame appears from out of thin air!
The puff of flame hits you!
You die...

# ##.#.#.#.#.# #
##.##.......# #
#.######...##### ## #.#
#.รท........# #+## .#####
#.###.##...###.##...#
#....####)##.##..## .#.....
..###.# ##.#.#...## .......
....#.#####.......###.......
(...............@)..........
.....###.#####......).......
#.#.## #.# ##.#.####......
#....# #.# ###.# .....
#....# #.# #.# ...# #....#
#.# #.# ... #.##.# #.# #.#
## ..# #.# ### #.#


There were no monsters in sight!

Vanquished Creatures
  A centaur skeleton (D:3)
  A jelly (D:3)
  3 adders
  An ooze (D:3)
  2 worms
  A dart slug (D:2)
  3 leopard geckos
  2 orcs (D:3)
  3 giant cockroaches
  5 hobgoblins
  6 jackals
  A quokka (D:2)
  8 bats
  2 frilled lizards
  9 goblins
  8 kobolds
  6 rats
62 creatures vanquished.

Notes
Turn   | Place    | Note
-------+----------+-------------------------------------------
     0 | D:1      | Pray4Patrick the Minotaur Berserker began the quest for the
                  | Orb.
     0 | D:1      | Reached XP level 1. HP: 19/19 MP: 0/0
    56 | D:1      | You fall through a shaft!
    73 | D:2      | Reached XP level 2. HP: 19/27 MP: 1/1
    84 | D:2      | Reached XP level 3. HP: 22/33 MP: 2/2
   447 | D:2      | Reached ** piety under Trog
  1530 | D:3      | Reached XP level 4. HP: 18/41 MP: 3/3
  1941 | D:3      | Reached skill level 5 in Maces & Flails
  2186 | D:3      | Found a sacrificial altar of Ru.
  2198 | D:3      | Reached skill level 5 in Fighting
  2198 | D:3      | Reached XP level 5. HP: 20/48 MP: 4/4
  2398 | D:3      | Killed from afar by an orc wizard

Skill      XL: |  1  2  3  4 |
---------------+-------------+-----
Fighting       | 4 5 |  5.0
Maces & Flails | 4 5 |  5.3
Armour         | 3 |  3.0
Dodging        | 3 |  3.3
Stealth        | |  0.2

Action                   |  1- 3 |  4- 6 || total
-------------------------+-------+-------++-------
Melee: Mace              |    57 |       ||    57
       Headbutt          |    12 |     6 ||    18
       Whip              |    25 |    33 ||    58
Invok: Berserk           |       |     1 ||     1
  Eat: Chunk             |       |     2 ||     2
       Ration            |       |     1 ||     1
Armor: Animal skin       |     7 |     5 ||    12
Dodge: Dodged            |    52 |    43 ||    95
